 Dungeon Crawl Stone Soup version 0.22.0-49-gab54619674 (webtiles) character file.

102 Morbidden the Ruffian (level 4, -3/35 HPs)
             Began as a Draconian Transmuter on Sept 4, 2018.
             Killed from afar by Sigmund (4 damage)
             ... with a magic dart
             ... on level 3 of the Dungeon.
             The game lasted 00:07:11 (3166 turns).

Morbidden the Ruffian (Draconian Transmuter)        Turns: 3166, Time: 00:07:12

Health: -3/35      AC:  6    Str: 13    XL:     4   Next: 49%
Magic:  7/7        EV: 18    Int: 12    God:
Gold:   222        SH:  0    Dex: 16    Spells: 4/7 levels left

rFire    . . .     SeeInvis .     - Unarmed
rCold    . . .     Gourm    .   (no shield)
rNeg     . . .     Faith    .   (armour unavailable)
rPois    .         Spirit   .   (helmet restricted)
rElec    .         Reflect  .   (no cloak)
rCorr    +         Harm     .   j - +0 pair of gloves (curse)
MR       .....                  (no boots)
Stlth    +.........             (no amulet)
HPRegen  0.11/turn              b - ring of attention (curse)
MPRegen  0.10/turn              f - ring of resist corrosion

@: confused, agile
A: unfitting armour, dopey 1, wild magic 1, cold-blooded, AC +5
a: no special abilities


You were on level 3 of the Dungeon.
You were not hungry.

You visited 1 branch of the dungeon, and saw 3 of its levels.

You collected 222 gold pieces.

Inventory:

Missiles
 a - 43 arrows
Armour
 j - a cursed +0 pair of gloves (worn)
Jewellery
 b - a cursed ring of attention (left hand)
 f - a ring of resist corrosion (right hand)
Scrolls
 d - a scroll of fear {unknown}
 e - a scroll of teleportation {unknown}
 h - a scroll of enchant armour {unknown}
 i - 2 scrolls of identify {unknown}
 m - a scroll of random uselessness {unknown}
Comestibles
 c - 6 rations


   Skills:
 - Level 1.1 Fighting
 - Level 2.0 Dodging
 * Level 5.0 Unarmed Combat
 - Level 2.1 Spellcasting
 * Level 2.2 Transmutations


You had 4 spell levels left.
You knew the following spells:

 Your Spells              Type           Power        Failure   Level  Hunger
a - Beastly Appendage     Tmut           #.....       16%         1    ##.....
b - Sticks to Snakes      Tmut           #.......     24%         2    ###....

Your spell library contained the following spells:

 Spells                   Type           Power        Failure   Level  Hunger
 Summon Small Mammal      Summ           #...         34%         1    ##.....
 Call Imp                 Summ           #.......     47%         2    ###....
 Spider Form              Tmut/Pois      #.........   54%         3    ####...
 Call Canine Familiar     Summ           #.......     71%         3    ####...
 Summon Guardian Golem    Hex/Summ       #.......     71%         3    ####...
 Ice Form                 Ice/Tmut       #.......     90%         4    #####..
 Summon Ice Beast         Ice/Summ       #.......     97%         4    #####..
 Summon Lightning Spire   Summ/Air       #.......     97%         4    #####..
 Blade Hands              Tmut           #.........   98%         5    ######.


Dungeon Overview and Level Annotations

Branches:
Dungeon (3/15)

Altars:
Dithmenos
Vehumet
Xom
The Shining One

Annotations:
D:3 Sigmund


Innate Abilities, Weirdness & Mutations

Your plain brown scales are hard. (AC +5)
You cannot fit into any form of body armour.
You are cold-blooded and may be slowed by cold attacks.
You are dopey. (Int -2)
Your spells are a little harder to cast, but a little more powerful.


Message History

You hit Sigmund.
Sigmund is severely wounded.
Sigmund hits you with a scythe!
* * * LOW HITPOINT WARNING * * *
Unknown command.
You're too confused to move!
You completely miss Sigmund.
Your tail-slap misses Sigmund.
Sigmund is severely wounded.
You feel less confused. Sigmund casts a spell at you.
You are confused.
Unknown command.
Sigmund casts a spell.
Sigmund flickers and vanishes!
Deactivating autopickup; reactivate with Ctrl-A.
You're too confused to move!
Something hits you!
* * * LOW HITPOINT WARNING * * *
A magic dart appears from out of thin air!
The magic dart hits you!
You die...

#'## #........... ...#
#.........# ...#
#.........##### ...#
#......$!(..... ...#
#......[....... ...#
#.............. ...#
#######........ ...#
#####........
#.###########...@........
#.......)...'.......#.###
#############....####.#
#....# # .# #....# #.#
#....# ##.# #....# ...#
###### ...#


There were no monsters in sight!

Vanquished Creatures
  An adder (D:2)
  An ooze (D:1)
  A worm (D:2)
  6 dart slugs
  2 leopard geckos (D:2)
  3 orcs (D:3)
  2 ball pythons
  9 bats
  4 giant cockroaches
  5 goblins
  9 hobgoblins
  9 kobolds
  3 quokkas (D:2)
  A frilled lizard (D:1)
  4 rats
60 creatures vanquished.

Notes
Turn   | Place    | Note
-------+----------+-------------------------------------------
     0 | D:1      | Morbidden the Draconian Transmuter began the quest for the
                  | Orb.
     0 | D:1      | Reached XP level 1. HP: 16/16 MP: 3/3
   302 | D:1      | Reached XP level 2. HP: 23/23 MP: 5/5
   406 | D:1      | Reached skill level 4 in Unarmed Combat
   517 | D:1      | Reached XP level 3. HP: 3/28 MP: 3/6
  1607 | D:2      | Found a radiant altar of Vehumet.
  1882 | D:2      | Learned a level 2 spell: Sticks to Snakes
  1981 | D:2      | Reached XP level 4. HP: 26/35 MP: 5/7
  2760 | D:3      | Found a glowing golden altar of the Shining One.
  2801 | D:3      | Reached skill level 5 in Unarmed Combat
  3012 | D:3      | Found a shadowy altar of Dithmenos.
  3013 | D:3      | Found a shimmering altar of Xom.
  3136 | D:3      | Noticed Sigmund
  3156 | D:3      | Gained mutation: You are dopey. (Int -2) [potion of
                  | mutation]
  3156 | D:3      | Gained mutation: Your spells are a little harder to cast,
                  | but a little more powerful. [potion of mutation]
  3163 | D:3      | HP: 1/35 [something (7)]
  3166 | D:3      | Killed from afar by Sigmund

Skill      XL: |  1  2  3  4 |
---------------+-------------+-----
Unarmed Combat | 4 5 |  5.0
Dodging        | 2 |  2.0
Fighting       | |  1.1
Spellcasting   | |  2.1
Transmutations | |  2.2

Action                   |  1- 3 |  4- 6 || total
-------------------------+-------+-------++-------
Melee: Unarmed           |   126 |    91 ||   217
       Tailslap          |     8 |     6 ||    14
       Headbutt          |     4 |     5 ||     9
       Punch             |     2 |     2 ||     4
       Kick              |     3 |     2 ||     5
 Cast: Beastly Appendage |     8 |     4 ||    12
  Use: Potion            |     2 |     3 ||     5
  Eat: Chunk             |     3 |     4 ||     7
Armor: Skin              |    60 |    18 ||    78
Dodge: Dodged            |   120 |    49 ||   169
